 Dungeon Crawl Stone Soup version 0.19.1-1-g22dce08 (webtiles) character file.

69 kae the Insei (level 4, -1/36 HPs)
             Began as a Demonspawn Monk on Dec 30, 2016.
             Killed from afar by an orc wizard (7 damage)
             ... with a magic dart
             ... on level 3 of the Dungeon.
             The game lasted 00:01:38 (2489 turns).

kae the Insei (Demonspawn Monk)                     Turns: 2489, Time: 00:01:38

Health: -1/36      AC:  2    Str: 11    XL:     4   Next: 2%
Magic:  0/4        EV: 13    Int: 12    God:
Gold:   55         SH:  0    Dex: 16    Spells: 0 memorised, 3 levels left

rFire  . . .     SeeInvis .       - Unarmed
rCold  . . .     Gourm    .     a - +0 robe
rNeg   . . .     Faith    .     (no shield)
rPois  .         Spirit   +     (no helmet)
rElec  .         Reflect  .     (no cloak)
rCorr  .         Harm     .     (no gloves)
MR     .....                    (no boots)
Stlth  ++........               (no amulet)
                                (no ring)
                                (no ring)

@: slowed, very slow
A: magic shield
a: no special abilities


You were on level 3 of the Dungeon.
You were not hungry.

You visited 1 branch of the dungeon, and saw 3 of its levels.

You collected 55 gold pieces.

Inventory:

Armour
 a - a +0 robe (worn)
Jewellery
 o - an uncursed ring of protection from cold {unknown}
Scrolls
 f - 2 scrolls of enchant armour {unknown}
 g - 2 scrolls of remove curse {unknown}
 k - 2 scrolls of identify {unknown}
 n - 2 scrolls of teleportation {unknown}
 q - a scroll of amnesia {unknown}
Potions
 c - 2 potions of curing
 e - a potion of might {unknown}
 h - a potion of ambrosia {unknown}
 j - a potion of haste {unknown}
 l - 2 potions of cancellation {unknown}
 m - a potion of resistance {unknown}
Comestibles
 b - a bread ration
 d - 2 slices of pizza
 i - a meat ration
 p - a beef jerky
 r - a chunk of flesh


   Skills:
 + Level 3.6 Fighting
 - Level 2.6 Dodging
 - Level 1.7 Stealth
 * Level 4.0 Unarmed Combat


You had 3 spell levels left.
You didn't know any spells.

Dungeon Overview and Level Annotations

Branches:
Dungeon (3/15)

Altars:
Kikubaaqudgha
Zin

Annotations:
D:3 1 runed door


Innate Abilities, Weirdness & Mutations

When hurt, damage is shared between your health and your magic reserves.


Message History

The orc wizard is moderately wounded.
The orc wizard gestures at you while chanting.
The magic dart hits you!
* * * LOW HITPOINT WARNING * * *
The orc wizard hits you with a dagger.
* * * LOW HITPOINT WARNING * * *
It was a potion of curing.
You feel better. The orc wizard closely misses you. x2
You hit the orc wizard but do no damage.
The orc wizard is moderately wounded.
The orc wizard hits you but does no damage.
The orc wizard gestures wildly while chanting.
The orc wizard blinks!
The orc wizard points at you and mumbles some strange words.
The magic dart hits you!
* * * LOW HITPOINT WARNING * * *
The orc wizard hits you with a dagger.
* * * LOW HITPOINT WARNING * * *
The orc wizard gestures at you while chanting.
The magic dart hits you!
You die... oo.. #.......####### #.# .... #......)###########.# oo..

#................##.#
....
######...........##.#
#............##.#
#.#############.#
##.## #.# ##...#
######.## #..@o#
#........ #§...#
.####..# ♣..P.♣ #<.#
♣..P♣♣ #..# ♣♣.♣♣
...# ♣.♣♣ ....# ♣♣.♣
#....# ♣.♣♣ #....#
♣♣.♣ #....#


You could see an orc wizard.

Vanquished Creatures
  3 adders
  A worm (D:2)
  A dart slug (D:1)
  A leopard gecko (D:1)
  4 bats
  6 goblins
  5 hobgoblins
  5 kobolds (D:1)
  A quokka (D:2)
  2 ball pythons (D:2)
  3 frilled lizards
  3 rats
35 creatures vanquished.

Notes
Turn   | Place    | Note
-------+----------+-------------------------------------------
     0 | D:1      | kae the Demonspawn Monk began the quest for the Orb.
     0 | D:1      | Reached XP level 1. HP: 18/18 MP: 1/1
    47 | D:1      | Reached skill level 3 in Unarmed Combat
   215 | D:1      | Gained mutation: When hurt, damage is shared between your health and your magic reserves. [demonic ancestry]
   215 | D:1      | Reached XP level 2. HP: 10/24 MP: 2/2
   222 | D:1      | HP: 1/24 [kobold/short sword (6)]
  1228 | D:2      | Reached XP level 3. HP: 10/29 MP: 1/3
  1406 | D:2      | Found an ancient bone altar of Kikubaaqudgha.
  1462 | D:2      | Found an ancient bone altar of Kikubaaqudgha.
  1462 | D:2      | Noticed a human
  2315 | D:3      | Reached skill level 4 in Unarmed Combat
  2324 | D:3      | Found a glowing silver altar of Zin.
  2363 | D:3      | Reached XP level 4. HP: 23/36 MP: 2/4
  2413 | D:3      | Found a runed door.
  2489 | D:3      | Killed from afar by an orc wizard

Skill      XL: |  1  2  3 |
---------------+----------+-----
Unarmed Combat | 3 4 |  4.0
Fighting       | |  3.6
Dodging        | |  2.6
Stealth        | |  1.7

Action                   |  1- 3 |  4- 6 || total
-------------------------+-------+-------++-------
Melee: Unarmed           |   145 |     5 ||   150
       Punch             |     1 |       ||     1
  Use: Potion            |       |     1 ||     1
 Stab: Sleeping          |     3 |       ||     3
  Eat: Chunk             |     4 |     1 ||     5
Armor: Robe              |    32 |     1 ||    33
Dodge: Dodged            |    83 |     5 ||    88
